 Dungeon Crawl Stone Soup version 0.23.2-1-ga50397a6bc (webtiles) character file.

Game seed: 12626232951892134991

60 Mrkan the Sneak (level 3, 0/18 HPs)
             Began as a Spriggan Assassin on May 18, 2019.
             Succumbed to a worker ant's poison
             ... on level 3 of the Dungeon.
             The game lasted 00:04:07 (1714 turns).

Mrkan the Sneak (Spriggan Assassin)                 Turns: 1714, Time: 00:04:08

Health: 0/18       AC:  3    Str:  7    XL:     3   Next: 80%
Magic:  4/4        EV: 18    Int: 17    God:
Gold:   118        SH:  0    Dex: 18    Spells: 2/2 levels left

rFire    . . .     SeeInvis +   a - +2 dagger
rCold    . . .     Gourm    .   (shield restricted)
rNeg     . . .     Faith    .   c - +0 robe
rPois    .         Spirit   .   (helmet restricted)
rElec    .         Reflect  .   d - +0 cloak
rCorr    .         Harm     .   (gloves unavailable)
MR       .....                  (boots unavailable)
Stlth    ++++......             (no amulet)
HPRegen  0.06/turn              (no ring)
MPRegen  0.09/turn              (no ring)

@: brilliant, lethally poisoned (0 -> -5), very quick
A: very small, unfitting armour, see invisible, herbivore, speed 3, slow
metabolism 2
a: no special abilities


You were on level 3 of the Dungeon.
You were not hungry.

You visited 1 branch of the dungeon, and saw 3 of its levels.

You collected 118 gold pieces.

Inventory:

Hand Weapons
 a - a +2 dagger (weapon)
 b - a +0 blowgun
Missiles
 e - 28 poisoned needles
 f - 2 curare-tipped needles
Armour
 c - a +0 robe (worn)
 d - a +0 cloak (worn)
Jewellery
 h - an uncursed ring of protection from fire {unknown}
Scrolls
 j - a scroll of fog {unknown}
 k - a scroll of remove curse {unknown}
 n - a scroll of magic mapping {unknown}
 o - 2 scrolls of identify {unknown}
 p - a scroll of amnesia {unknown}
Potions
 i - a potion of resistance {unknown}
 l - a potion of brilliance
 m - a potion of flight {unknown}
 q - 2 potions of mutation {unknown}
Comestibles
 g - 4 rations


   Skills:
 + Level 2.1 Fighting
 + Level 3.0 Short Blades
 - Level 2.0 Throwing
 + Level 2.9 Dodging
 + Level 6.5 Stealth


You had 2 spell levels left.
You didn't know any spells.
Your spell library was empty.

Dungeon Overview and Level Annotations

Branches:
Dungeon (3/15)

Altars:


Innate Abilities, Weirdness & Mutations

You are very small and have problems with some larger weapons.
You are too small for most types of armour.
You have supernaturally acute eyesight. (SInv)
You are a herbivore.
You cover ground extremely quickly.
You need to consume almost no food.


Message History

The worker ant bites you.
You hit the worker ant but do no damage.
The worker ant bites you.
You are poisoned.
The worker ant poisons you!
You hit the worker ant but do no damage.
You feel sick. The worker ant bites you.
* * * LOW HITPOINT WARNING * * *
You hit the worker ant.
The worker ant is lightly wounded.
The worker ant misses you.
You hit the worker ant but do no damage.
The worker ant is lightly wounded.
* * * LOW HITPOINT WARNING * * *
You feel sick. The worker ant completely misses you.
It was a potion of brilliance.
You feel clever all of a sudden. The worker ant barely misses you.
You see here a frilled lizard corpse.
You die...

#######
#.....#
#.###.#
#.#<..#
#.############
#.....>.....).
######@######
#.........#
#...a.....##
#...........
#..?......#.
###########


You could see a worker ant.

Vanquished Creatures
  A worm (D:1)
  3 dart slugs
  A leopard gecko (D:2)
  6 bats
  3 giant cockroaches
  5 goblins
  3 hobgoblins (D:1)
  10 jackals
  3 kobolds
  A quokka (D:2)
  A ball python (D:2)
  2 frilled lizards
  7 rats
46 creatures vanquished.

Notes
Turn   | Place    | Note
-------+----------+-------------------------------------------
     0 | D:1      | Mrkan the Spriggan Assassin began the quest for the Orb.
     0 | D:1      | Reached XP level 1. HP: 10/10 MP: 2/2
   165 | D:1      | Reached skill level 6 in Stealth
   190 | D:1      | Reached XP level 2. HP: 3/15 MP: 3/3
   305 | D:1      | You fall through a shaft!
   560 | D:2      | Reached XP level 3. HP: 6/18 MP: 4/4
   771 | D:2      | Found a faded altar of an unknown god.
  1714 | D:3      | Succumbed to a worker ant's poison

Skill      XL: |  1  2  3 |
---------------+----------+-----
Stealth        | 6 |  6.5
Dodging        | 2 |  2.9
Fighting       | 2 |  2.1
Short Blades   | 3 |  3.0
Throwing       | |  2.0

Action                   || total
-------------------------++-------
Melee: Dagger            ||   211
  Use: Potion            ||     1
 Stab: Sleeping          ||    11
Armor: Robe              ||    27
Dodge: Dodged            ||   143
